 Dungeon Crawl Stone Soup version 0.21.1-1-g345015f (webtiles) character file.

12195 diana the Cleaver (level 11, -7/77 HPs)
             Began as a Demonspawn Gladiator on May 30, 2018.
             Was an Elder of Hepliaklqana.
             Mangled by a cyclops (22 damage)
             ... on level 11 of the Dungeon.
             The game lasted 00:30:10 (10655 turns).

diana the Cleaver (Demonspawn Gladiator)           Turns: 10655, Time: 00:30:11

Health: -7/77      AC:  9    Str: 17    XL:     11   Next: 59%
Magic:  0/16       EV: 18    Int:  9    God:    Hepliaklqana [****..]
Gold:   649        SH:  0    Dex: 16    Spells: 10/10 levels left

rFire    + . .     SeeInvis .   a - +0 war axe
rCold    . . .     Gourm    .   (no shield)
rNeg     . . .     Faith    .   b - +1 leather armour
rPois    .         Spirit   +   c - +0 helmet
rElec    .         Reflect  .   (no cloak)
rCorr    .         Harm     .   (no gloves)
MR       .....                  (no boots)
Stlth    ..........             (no amulet)
HPRegen  0.22/turn              x - +1 ring of evasion
MPRegen  0.30/turn              g - ring of loudness (curse)

@: no status effects
A: reduced essence, molten scales 3, spiny 2, magic shield, magic regeneration
a: Recall Ancestor, Ancestor Identity, Transference, Idealise, Renounce Religion


You were on level 11 of the Dungeon.
You worshipped Hepliaklqana.
Hepliaklqana was greatly pleased with you.
You were hungry.

You visited 1 branch of the dungeon, and saw 11 of its levels.
You also visited: Ossuary.

You collected 649 gold pieces.

Inventory:

Hand Weapons
 a - a +0 war axe (weapon)
Missiles
 d - 5 throwing nets (quivered)
Armour
 b - a +1 leather armour (worn)
 c - a +0 helmet (worn)
Jewellery
 g - a cursed ring of loudness (right hand)
 w - an uncursed ring of protection from cold
 x - a +1 ring of evasion (left hand)
 A - a +3 ring of intelligence
 H - an uncursed ring of see invisible
Wands
 h - a wand of random effects (54)
 l - a wand of iceblast (8)
 s - a wand of enslavement (13)
 K - a wand of acid (6)
Scrolls
 e - a scroll of fog
 i - 8 scrolls of remove curse
 j - 2 scrolls of fear
 k - 2 scrolls of amnesia
 m - 2 scrolls of enchant weapon
 n - a scroll of magic mapping {unknown}
 o - 10 scrolls of identify
 r - 7 scrolls of teleportation
 v - 4 scrolls of enchant armour
 I - a scroll of summoning {unknown}
 O - a scroll of blinking {unknown}
Potions
 p - a potion of curing {unknown}
 t - a potion of lignification {unknown}
 C - 4 potions of haste {unknown}
 D - 2 potions of brilliance
 E - a potion of resistance {unknown}
 F - a potion of cancellation {unknown}
 G - 2 potions of agility {unknown}
 J - a potion of degeneration {unknown}
 L - 2 potions of magic {unknown}
 M - 2 potions of might {unknown}
Books
 u - a book of Debilitation

   Spells                             Type                      Level
   a - Corona                         Hexes                        1
   b - Slow                           Hexes                        2
   c - Inner Flame                    Hexes/Fire                   3
   d - Portal Projectile              Hexes/Translocation          3
   e - Cause Fear                     Hexes                        4
   f - Leda's Liquefaction            Hexes/Earth                  4
 y - a book of Cantrips

   Spells                             Type                      Level
   a - Confusing Touch                Hexes                        1
   b - Animate Skeleton               Necromancy                   1
   c - Summon Small Mammal            Summoning                    1
   d - Apportation                    Translocation                1
 z - a book of Maledictions

   Spells                             Type                      Level
   a - Corona                         Hexes                        1
   b - Ensorcelled Hibernation        Hexes/Ice                    2
   c - Confuse                        Hexes                        3
   d - Tukima's Dance                 Hexes                        3
   e - Dazzling Spray                 Conjuration/Hexes            3
 B - a book of Minor Magic

   Spells                             Type                      Level
   a - Magic Dart                     Conjuration                  1
   b - Blink                          Translocation                2
   c - Call Imp                       Summoning                    2
   d - Slow                           Hexes                        2
   e - Conjure Flame                  Conjuration/Fire             3
   f - Mephitic Cloud                 Conjuration/Poison/Air       3
 N - a book of Frost

   Spells                             Type                      Level
   a - Freeze                         Ice                          1
   b - Throw Frost                    Conjuration/Ice              2
   c - Ozocubu's Armour               Charms/Ice                   3
   d - Throw Icicle                   Conjuration/Ice              4
   e - Summon Ice Beast               Ice/Summoning                4
Comestibles
 f - 17 rations


   Skills:
 * Level 8.1 Fighting
 + Level 12.8 Axes
 - Level 1.7 Throwing
 * Level 7.7 Dodging
 + Level 7.0 Invocations


You had 10 spell levels left.
You didn't know any spells.

Dungeon Overview and Level Annotations

Branches:
Dungeon (11/15)            Temple (0/1) D:6            Lair (0/6) D:10
    Orc (0/2) D:10

Altars:
Cheibriados
Hepliaklqana
Kikubaaqudgha
Makhleb
Nemelex Xobeh
Okawaru
Sif Muna
Trog
Vehumet
Xom
Zin

Shops:
D:9 %

Annotations:
D:3 diana's ghost, amateur DsGl


Innate Abilities, Weirdness & Mutations

You are completely covered in molten scales. (AC +4, rF+)
You are mostly covered in sharp spines.
When hurt, damage is shared between your health and your magic reserves.
You regenerate magic rapidly.
Your life essence is reduced to manifest your ancestor. (-10% HP)


Message History

You slash the yak! The yak gores you but does no damage.
You slash the cyclops!
The cyclops is moderately wounded.
You hit the yak but do no damage. The cyclops is struck by your spines.
The cyclops completely misses you. The yak is struck by your spines.
The yak closely misses you.
You hit the cyclops.
The cyclops is heavily wounded.
You slash the yak! The yak is struck by your spines. The yak gores you!
* * * LOW HITPOINT WARNING * * *
The cyclops hits you but does no damage.
You hit the cyclops but do no damage.
The cyclops is heavily wounded.
You hit the yak.
You kill the yak!
Your Invocations skill increases to level 7!
You slash the cyclops!
The cyclops is almost dead.
The cyclops hits you!!
You die...

..#. +......R# ..' #.......# ..
#.......# ##'# ######'## ##..#
##.# #.(# ####..# ##(## #....##
#CY# ##'##### # ######@##
#.<....# ##'#### ###......(#
#......#
......###.'....(..#######......##
#####.'...#.......(.....'...)..'.
......#####.......#######......##
#####.# #.......# #......#
......# ###)##### ##'#####
##'#### #)## #..##### #.# #).###
##<....#


You could see a cyclops and a yak.

Vanquished Creatures
  A two-headed ogre (D:11)
  The ghost of Jawreze the Conjurer, a novice DsWz of Makhleb (D:8)
  Pikel (D:5)
  A gargoyle (D:11)
  2 hornets (D:8)
  A wraith (D:10)
  2 yaks (D:11)
  A soldier ant (D:8)
  A water moccasin (D:9)
  2 hell hounds (D:10)
  2 black bears
  2 ice beasts
  A slave (D:5)
  A sky beast (D:9)
  3 ogres
  3 orc warriors
  3 centaurs
  A big kobold (D:11)
  2 elf zombies (Ossuary)
  A wyvern zombie (D:11)
  4 bullfrogs
  A scorpion (D:11)
  A wyvern skeleton (D:6)
  3 killer bees (D:9)
  3 howler monkeys (D:8)
  4 wights
  A bullfrog zombie (D:10)
  3 crimson imps
  3 centaur zombies (Ossuary)
  A jelly (D:5)
  6 hounds
  A bullfrog skeleton (D:10)
  3 centaur skeletons
  7 orc wizards
  9 orc priests
  4 human zombies (Ossuary)
  Jessica (D:2)
  Ijyb (D:3)
  3 worker ants
  A hound zombie (D:8)
  A hound skeleton (D:11)
  2 mummies (Ossuary)
  8 gnolls
  11 adders
  2 shadow imps
  An ooze (D:8)
  3 adder zombies
  2 adder skeletons
  2 worms
  2 dart slugs (D:1)
  5 leopard geckos
  26 orcs
  5 giant cockroaches
  6 goblins
  6 hobgoblins
  3 jackals (D:3)
  4 quokkas
  6 bats
  3 frilled lizards
  9 hobgoblin zombies (Ossuary)
  A jackal zombie (D:10)
  11 kobolds
  9 kobold zombies (Ossuary)
  A leopard gecko skeleton (D:5)
  7 orc zombies (Ossuary)
  A quokka skeleton (D:9)
  7 rats
  A rat zombie (Ossuary)
237 creatures vanquished.

Vanquished Creatures (collateral kills)
  Josephine (D:10)
  A two-headed ogre (D:11)
  3 hippogriffs
  3 wraiths
  A wyvern (D:8)
  2 hungry ghosts
  An acid dragon (D:11)
  4 orc warriors
  A sky beast (D:11)
  An ice beast (D:11)
  2 ogres (D:10)
  A centaur (D:6)
  3 bullfrogs
  A water moccasin skeleton (D:11)
  A scorpion (D:11)
  6 wights
  A centaur zombie (D:6)
  3 centaur skeletons
  3 orc priests (D:11)
  A bullfrog skeleton (D:4)
  2 iguanas
  An orc wizard (D:10)
  A statue (D:9)
  2 worker ants
  3 gnolls
  An adder (D:4)
  An orc zombie (Ossuary)
51 creatures vanquished.

Vanquished Creatures (others)
  6 battlemagi
  3 ancestors
  A quokka (D:5)
10 creatures vanquished.

Grand Total: 298 creatures vanquished

Notes
Turn   | Place    | Note
-------+----------+-------------------------------------------
     0 | D:1      | diana the Demonspawn Gladiator began the quest for the Orb.
     0 | D:1      | Reached XP level 1. HP: 16/16 MP: 1/1
    91 | D:1      | Reached skill level 3 in Axes
   188 | D:1      | Gained mutation: You are partially covered in sharp spines. [demonic ancestry]
   188 | D:1      | Reached XP level 2. HP: 22/22 MP: 2/2
   848 | D:1      | Gained mutation: You are partially covered in molten scales. (AC +2) [demonic ancestry]
   848 | D:1      | Reached XP level 3. HP: 9/27 MP: 3/3
  1050 | D:1      | Reached skill level 4 in Axes
  1455 | D:2      | Reached XP level 4. HP: 33/33 MP: 4/4
  1804 | D:2      | Noticed Jessica
  1809 | D:2      | Killed Jessica
  1863 | D:2      | Reached skill level 5 in Axes
  2093 | D:3      | Noticed Ijyb
  2106 | D:4      | Reached XP level 5. HP: 37/38 MP: 5/5
  2115 | D:3      | Killed Ijyb
  2296 | D:3      | Found a deep blue altar of Sif Muna.
  2298 | D:3      | Found a bloodstained altar of Trog.
  2298 | D:3      | Found a hazy altar of Hepliaklqana.
  2298 | D:3      | Found an iron altar of Okawaru.
  2319 | D:3      | Became a worshipper of Hepliaklqana the Forgotten
  2370 | D:3      | Found a glowing silver altar of Zin.
  2371 | D:3      | Noticed diana's ghost (amateur DsGl)
  2630 | D:3      | Found a burning altar of Makhleb.
  2663 | D:3      | Found a faded altar of an unknown god.
  2993 | D:4      | Reached skill level 6 in Axes
  3032 | D:4      | Gained mutation: You are mostly covered in molten scales. (AC +3) [demonic ancestry]
  3032 | D:4      | Reached XP level 6. HP: 28/39 MP: 6/6
  3284 | D:4      | Reached * piety under Hepliaklqana
  3472 | D:5      | Entered Level 5 of the Dungeon
  3579 | D:5      | Noticed a slave
  3599 | D:5      | Killed a slave
  3602 | D:5      | Noticed a slave
  3603 | D:5      | Noticed Pikel
  3603 | D:5      | Noticed a slave
  3604 | D:5      | Noticed a slave
  3641 | D:5      | Killed Pikel
  3641 | D:5      | Reached skill level 8 in Axes
  3641 | D:5      | Gained mutation: You are mostly covered in sharp spines. [demonic ancestry]
  3641 | D:5      | Reached XP level 7. HP: 30/45 MP: 7/7
  3814 | D:5      | Reached skill level 9 in Axes
  3814 | D:5      | Gained mutation: When hurt, damage is shared between your health and your magic reserves. [demonic ancestry]
  3814 | D:5      | Reached XP level 8. HP: 32/50 MP: 8/8
  4648 | D:6      | Reached skill level 10 in Axes
  4728 | D:6      | Found a sand-covered staircase.
  4740 | Ossuary  | Entered an ossuary
  4998 | Ossuary  | Reached skill level 11 in Axes
  4998 | Ossuary  | Gained mutation: You regenerate magic rapidly. [demonic ancestry]
  4998 | Ossuary  | Reached XP level 9. HP: 28/54 MP: 9/9
  5368 | D:6      | Found a staircase to the Ecumenical Temple.
  5469 | D:6      | Reached ** piety under Hepliaklqana
  5470 | D:6      | Remembered your ancestor Edwyna as a battlemage
  5925 | D:7      | Reached skill level 12 in Axes
  6075 | D:7      | Found a snail-covered altar of Cheibriados.
  6439 | D:8      | Found an ancient bone altar of Kikubaaqudgha.
  6471 | D:8      | Reached skill level 1 in Invocations
  6891 | D:8      | Noticed Jawreze's ghost (novice DsWz)
  6907 | D:8      | Killed Jawreze's ghost
  6945 | D:8      | Gained mutation: You are completely covered in molten scales. (AC +4, rF+) [demonic ancestry]
  6945 | D:8      | Reached XP level 10. HP: 22/63 MP: 7/12
  6948 | D:8      | Paralysed by a hornet for 1 turns
  7673 | D:8      | Found a sparkling altar of Nemelex Xobeh.
  7957 | D:9      | Reached *** piety under Hepliaklqana
  7991 | D:9      | Reached skill level 5 in Fighting
  7991 | D:9      | Reached skill level 5 in Dodging
  8198 | D:9      | Found a shimmering altar of Xom.
  8205 | D:9      | Found Fecuefy's Food Emporium.
  8206 | D:9      | Found a shimmering altar of Xom.
  8207 | D:9      | Found a shimmering altar of Xom.
  8208 | D:9      | Found a shimmering altar of Xom.
  8208 | D:9      | Found a shimmering altar of Xom.
  8209 | D:9      | Found a shimmering altar of Xom.
  8209 | D:9      | Found a shimmering altar of Xom.
  8380 | D:9      | Noticed a manticore
  8513 | D:9      | Found a radiant altar of Vehumet.
  8646 | D:10     | Entered Level 10 of the Dungeon
  8714 | D:10     | Noticed Josephine
  8724 | D:10     | Killed Josephine
  8724 | D:10     | Reached skill level 5 in Invocations
  8877 | D:10     | Reached XP level 11. HP: 64/74 MP: 15/15
  8898 | D:10     | Found a staircase to the Lair.
  9040 | D:10     | Reached **** piety under Hepliaklqana
  9054 | D:10     | Found a staircase to the Orcish Mines.
  9832 | D:11     | Noticed a two-headed ogre
  9854 | D:11     | Killed a two-headed ogre
  9985 | D:11     | Noticed a white ugly thing
 10590 | D:11     | Noticed a two-headed ogre
 10599 | D:11     | Killed a two-headed ogre
 10655 | D:11     | Mangled by a cyclops

Skill      XL: |  1  2  3  4  5  6  7  8  9 10 11 |
---------------+----------------------------------+-----
Axes           | 3 4 5 6 8 9 11 12 | 12.8
Dodging        | 4 6 7 |  7.7
Invocations    | 3 5 7 |  7.0
Fighting       | 4 6 8 |  8.1
Throwing       | |  1.7

Action                   |  1- 3 |  4- 6 |  7- 9 | 10-12 || total
-------------------------+-------+-------+-------+-------++-------
Melee: War axe           |    68 |   127 |   263 |   258 ||   716
Invok: Ancestor Life: Ba |       |       |     1 |       ||     1
       Idealise          |       |       |       |     1 ||     1
  Use: Scroll            |       |     3 |     7 |     2 ||    12
       Potion            |       |     3 |     1 |     3 ||     7
 Stab: Sleeping          |     1 |     1 |     2 |       ||     4
       Invisible         |       |     4 |       |       ||     4
       Distracted        |       |       |     2 |     4 ||     6
  Eat: Chunk             |     2 |     6 |    11 |     9 ||    28
       Ration            |       |       |       |     1 ||     1
Armor: Leather armour    |    16 |    37 |    66 |    55 ||   174
Dodge: Dodged            |    47 |    88 |   146 |   184 ||   465
